 Dungeon Crawl Stone Soup version 0.31-a0-1-g4198be8af4 (webtiles) character file.

Game seed: 13907199774025550679

1026 Juicyj the Trooper (level 8, -6/67 (71) HPs)
             Began as a Minotaur Fighter on May 1, 2023.
             Was a Believer of Okawaru.
             Mangled by a fire elemental (11 damage)
             ... created by the fiery vengeance of Ignis
             ... on level 6 of the Dungeon.
             The game lasted 00:06:38 (5213 turns).

Juicyj the Trooper (Minotaur Fighter)               Turns: 5213, Time: 00:06:40

HP:   -6/67 (71)    AC:  7    Str: 22    XL:     8   Next: 2%
MP:   7/7           EV:  9    Int:  5    God:    Okawaru [**....]
Gold: 254           SH:  5    Dex: 11    Spells: 7/7 levels left

rFire   . . .        a - +1 war axe
rCold   + . .        c - +0 buckler
rNeg    . . .        b - +0 scale mail
rPois   .            (helmet restricted)
rElec   .            (no cloak)
rCorr   .            (no gloves)
SInv    +            (no boots)
Will    .....        e - amulet of faith Stlth
                     m - ring of protection from cold
HPRegen 0.31/turn    v - ring of see invisible
MPRegen 0.10/turn

%: faith
@: about to teleport, drained
A: horns 2, retaliatory headbutt
a: Renounce Religion, Heroism


You were on level 6 of the Dungeon.
You worshipped Okawaru.
Okawaru was pleased with you.
You visited 1 branch of the dungeon, and saw 6 of its levels.

You collected 254 gold pieces.

Inventory:

Hand Weapons
 a - a +1 war axe (weapon)
Missiles
 j - 10 poisoned darts (quivered)
 s - a throwing net
Armour
 b - a +0 scale mail (worn)
 c - a +0 buckler (worn)
Jewellery
 e - an amulet of faith (around neck)
 m - a ring of protection from cold (left hand)
 n - an amulet of reflection
 v - a ring of see invisible (right hand)
 y - a ring of magical power
 z - a ring of ice
Scrolls
 i - a scroll of vulnerability
 k - 6 scrolls of identify
 o - a scroll of teleportation
 t - 2 scrolls of fear
Potions
 d - a potion of might
 f - 2 potions of cancellation {unknown}
 g - 2 potions of resistance {unknown}
 h - 2 potions of flight
 l - a potion of heal wounds {unknown}
 p - a potion of curing {unknown}
 r - a potion of berserk rage {unknown}
 u - a potion of lignification {unknown}
 w - 2 potions of attraction {unknown}
 x - 2 potions of haste {unknown}
 A - a potion of magic {unknown}


   Skills:
 + Level 6.6 Fighting
 + Level 6.0 Axes
 + Level 6.6 Armour
 + Level 6.6 Shields


You had 7 spell levels left.
You didn't know any spells.
Your spell library contained the following spells:

 Spells                   Type           Power      Damage    Failure   Level
 Stone Arrow              Conj/Erth      0%         3d7       99%         3
 Lehudib's Crystal Spear  Conj/Erth      0%         10d2      100%        8
 Animate Armour           Summ/Erth      Unusable   N/A       N/A         4

Dungeon Overview and Level Annotations

Branches:
Dungeon (6/15)
 Temple: D:4-7

Altars:
Dithmenos
Hepliaklqana
Nemelex Xobeh
Okawaru
Sif Muna
Zin

Annotations:
D:5 1 transporter, 13Fox's ghost, novice MiHu


Innate Abilities, Weirdness & Mutations

You have a pair of horns on your head.
You reflexively headbutt those who attack you in melee.


Message History

You hit the bullfrog.
The bullfrog is severely wounded.
You block the bullfrog's attack. The bullfrog hits you.
* * * LOW HITPOINT WARNING * * *
Unknown command.
You slash the bullfrog!
You kill the bullfrog!
Okawaru accepts your kill.
Your Axes skill increases to level 6!
You have reached level 8!
You feel agile.
n - an amulet of reflection
Things that are here:
a +0 shortbow; a bullfrog corpse; a centaur corpse Nemelex Xobeh makes you draw from the deck of Punishment.
You draw a card...
You have drawn the Wraith.
You feel drained.
Nemelex Xobeh makes you draw from the deck of Punishment.
You draw a card...
You have drawn Wrath.
Ignis wails with rage, and rains down burning fury! 2 fire elementals come into view.
There are monsters nearby!
There are monsters nearby!
You closely miss the fire elemental. The fire elemental hits you.
The fire elemental burns you!
You slash the fire elemental!
The fire elemental is heavily damaged.
You hit the fire elemental but do no damage.
The fire elemental hits you. The fire elemental burns you!
The fire elemental hits you. The fire elemental burns you!
The fire elemental hits you. The fire elemental burns you!
* * * LOW HITPOINT WARNING * * *
The fire elemental closely misses you.
You can't see any enemies this would affect, really read the scroll of fear?
Okay, then.
As you read the scroll of teleportation, it crumbles to dust.
You feel strangely unstable. The fire elemental hits you.
The fire elemental burns you!
* * * LOW HITPOINT WARNING * * *
The fire elemental hits you. The fire elemental burns you!
You die...

###########
#.....$...#
#.........# ##.
#.........+ ... .
#.........###.##.##..
#.........#.........##
........E.#.#.##......
.......@E)..........#
.......))...........#.
.#......#.............
#.######...........#.
.. ................. .
##.###)^...#..## #.
#.<...# ## < #.....#
## #####.#


You could see 2 fire elementals.

Vanquished Creatures
  The ghost of Kranky the Cruncher, an amateur GnWn (D:4)
  A water moccasin (D:4)
  2 centaurs
  A phantom (D:5)
  A bullfrog (D:6)
  A jelly (D:4)
  An orc priest (D:3)
  A gnoll bouda (D:6)
  An iguana (D:4)
  4 orc wizards
  4 gnolls
  8 adders
  A white imp (D:5)
  An ufetubus (D:5)
  2 worms (D:4)
  3 dart slugs
  14 orcs
  5 bats
  6 endoplasms
  A giant cockroach (D:4)
  4 goblins
  8 hobgoblins
  2 quokkas (D:2)
  5 ball pythons
  6 kobolds
  3 rats
87 creatures vanquished.

Vanquished Creatures (others)
  6 plants (D:5)
6 creatures vanquished.

Grand Total: 93 creatures vanquished

Notes
Turn   | Place    | Note
-------+----------+-------------------------------------------
     0 | D:1      | Juicyj the Minotaur Fighter began the quest for the Orb.
     0 | D:1      | Reached XP level 1. HP: 19/19 MP: 0/0
   417 | D:1      | Reached XP level 2. HP: 26/27 MP: 1/1
  1039 | D:2      | Reached XP level 3. HP: 33/33 MP: 2/2
  1146 | D:2      | Found a faded altar of an unknown god.
  1157 | D:2      | Prayed at the altar of an unknown god.
  1157 | D:2      | Became a worshipper of Nemelex Xobeh the Trickster
  1157 | D:2      | Reached * piety under Nemelex Xobeh
  1157 | D:2      | Received a gift from Nemelex Xobeh
  1159 | D:2      | Fell from the grace of Nemelex Xobeh
  1401 | D:2      | Reached XP level 4. HP: 40/40 MP: 3/3
  1454 | D:2      | Found an iron altar of Okawaru.
  2047 | D:3      | Reached XP level 5. HP: 39/47 MP: 4/4
  2159 | D:2      | Became a worshipper of Warmaster Okawaru
  2915 | D:4      | Noticed a water moccasin
  2926 | D:4      | Killed a water moccasin
  2927 | D:4      | Reached skill level 5 in Fighting
  2927 | D:4      | Reached skill level 5 in Armour
  2927 | D:4      | Reached skill level 5 in Shields
  2927 | D:4      | Reached XP level 6. HP: 32/56 MP: 5/5
  3314 | D:4      | Found a sparkling altar of Nemelex Xobeh.
  3351 | D:4      | Identified the +9 dagger of Kindness {vamp, rElec Dex+3}
  3389 | D:4      | Reached * piety under Okawaru
  3467 | D:4      | Found a shimmering blue altar of Sif Muna.
  3516 | D:4      | Found a transporter.
  3529 | D:4      | Noticed Kranky's ghost (amateur GnWn)
  3531 | D:4      | Found a transporter.
  3882 | D:4      | Killed Kranky's ghost
  3883 | D:4      | Reached skill level 5 in Axes
  3883 | D:4      | Reached XP level 7. HP: 59/62 MP: 6/6
  4053 | D:5      | Entered Level 5 of the Dungeon
  4139 | D:5      | Found a transporter.
  4154 | D:5      | Found a transporter.
  4154 | D:5      | Identified the ring of Erhua {Wiz Dex+4}
  4560 | D:5      | Noticed 13Fox's ghost (novice MiHu)
  4701 | D:5      | Found a glowing silver altar of Zin.
  4709 | D:5      | Found a shadowy altar of Dithmenos.
  4711 | D:5      | Found a hazy altar of Hepliaklqana.
  5041 | D:6      | Reached ** piety under Okawaru
  5042 | D:6      | Reached XP level 8. HP: 5/71 MP: 7/7
  5213 | D:6      | Mangled by a fire elemental

Illustrated notes

Levels and vault maps discovered:
D:1:      nzn_arrival_depleted_hourglass, layout_loops_corners, serial_forest,
          infiniplex_forest_clump_medium, infiniplex_forest_side_room,
          infiniplex_forest_end_1, infiniplex_forest_fountain,
          infiniplex_forest_clump_tiny, infiniplex_forest_clump_long,
          infiniplex_forest_clump_tiny, infiniplex_forest_clump_curved
D:2:      layout_loops_ring, dreamdust_ecumenical_altar_hidden_monk_grotto,
          basic_altar
D:3:      layout_basic
D:4:      layout_basic, nicolae_overflow_crystal_walls,
          nemelex_xobeh_ov_fountains_minmay, gammafunk_ghost_arena,
          minmay_misc_feat_tiny
D:5:      layout_loops_ring, minitemple, gammafunk_ghost_gnarly_gnolls
D:6:      layout_basic, minmay_temple_entry_junction, corexii_shack,
          grunt_ministairs_15, uniq_sigmund, uniq_crazy_yiuf_cottage

Skill      XL: |  1  2  3  4  5  6  7 |
---------------+----------------------+-----
Fighting       | 4 5 6 |  6.6
Axes           | 3 4 5 6 |  6.0
Armour         | 4 5 6 |  6.6
Shields        | 4 5 6 |  6.6

Action                     |  1- 3 |  4- 6 |  7- 9 || total
---------------------------+-------+-------+-------++-------
  Melee: War axe           |    65 |   117 |    38 ||   220
         Headbutt          |    10 |    15 |     7 ||    32
 Invoke: Renounce Religion |     1 |       |       ||     1
    Use: Scroll            |       |       |     8 ||     8
 Armour: Scale mail        |    26 |    49 |    33 ||   108
  Dodge: Dodged            |    35 |    63 |    34 ||   132
  Block: Buckler           |    17 |    26 |    19 ||    62

Table legend: (Time is in decaauts)
 A = Elapsed time spent in this place.
 B = Non-inter-level travel time spent in this place.
 C = Inter-level travel time spent in this place.
 D = Time resting spent in this place.
 E = Time spent auto-exploring this place.
 F = Levels seen in this place.
 G = Mean time per level.
                   A        B        C        D        E       F      G
               +--------+--------+--------+--------+--------+-----+--------+
         Total |   5288 |   4951 |    337 |      5 |   4322 |   6 |  881.3 |
       Dungeon |   5288 |   4951 |    337 |      5 |   4322 |   6 |  881.3 |
               +--------+--------+--------+--------+--------+-----+--------+

Top non-repeatable levels by time:
     D:4: 1160 daAuts
     D:3: 1106 daAuts
     D:1: 984 daAuts
     D:5: 971 daAuts
     D:2: 862 daAuts
     D:6: 203 daAuts
